 Dungeon Crawl Stone Soup version 0.31-a0-1096-g246cf0196b (webtiles) character file.

Game seed: 4435180495416114161

3088 Dirtsage the Mimic (level 9, -2/70 HPs)
             Began as an Octopode Shapeshifter on Nov 29, 2023.
             Was an Initiate of Gozag.
             Asphyxiated
             ... on level 8 of the Dungeon.
             The game lasted 00:17:48 (6410 turns).

Dirtsage the Mimic (Octopode Shapeshifter)          Turns: 6410, Time: 00:17:49

Health: -2/70      AC:  8    Str: 22    XL:     9   Next: 89%
Magic:  18/18      EV: 10    Int: 12    God:    Gozag
Gold:   553        SH:  0    Dex: 12    Spells: 8/8 levels left

rFire   . .          .
                       - Unarmed
rCold   + . .        (shield currently unavailable)
rNeg    . . .        (helmet currently unavailable)
rPois   .            j - amulet of reflection
rElec   .            I - ring of protection from cold
rCorr   .            n - ring of magical power
SInv    .            (no ring)
Will    .....        (no ring)
Stlth   +            (no ring)
HPRegen 0.31/turn    (no ring)
MPRegen 0.16/turn    (no ring)
                     (no ring)

%: reflection
@: confused, lethally poisoned (-2 -> -17), snake-form, ambrosia-drunk, gold
aura, slowed, very slow
A: constrict, boosted hp, almost no armour, amphibious, 8 rings, large,
(camouflage 1), (gelatinous body 1), (nimble swimmer 1), (tentacles)
a: Begin Untransformation, Renounce Religion, Potion Petition, Call Merchant,
Bribe Branch


You were on level 8 of the Dungeon.
You worshipped Gozag.
Gozag was pleased with you.
You were an enormous anaconda.
You visited 2 branches of the dungeon, and saw 9 of its levels.
You also visited: Bailey.

You collected 644 gold pieces.
You spent 31 gold pieces at shops.
You paid 60 gold pieces to Gozag.

Inventory:

Jewellery
 j - an amulet of reflection (around neck)
 n - a ring of magical power (right tentacle)
 I - a ring of protection from cold (left tentacle)
Talismans
 c - a flux talisman
 p - a serpent talisman (active)
Wands
 a - a wand of flame (11) (quivered)
 f - a wand of mindburst (21)
 m - a wand of polymorph (10)
Scrolls
 g - a scroll of fear
 h - a scroll of poison
 i - a scroll of identify
 k - a scroll of immolation
 t - a scroll of teleportation
Potions
 b - a potion of cancellation
 d - a potion of ambrosia
 e - 2 potions of brilliance
 l - a potion of might {unknown}


   Skills:
 + Level 6.7 Fighting
 - Level 2.0 Dodging
 + Level 7.4 Unarmed Combat
 * Level 9.3 Shapeshifting


You had 8 spell levels left.
You didn't know any spells.
Your spell library contained the following spells:

 Spells                   Type           Power      Damage    Failure   Level
 Apportation              Tloc           0%         N/A       32%         1
 Jinxbite                 Hex            0%         N/A       45%         2
 Volatile Blastmotes      Fire/Tloc      0%         2d10      69%         3
 Fulminant Prism          Conj/Hex       0%         3d5       97%         4
 Iskenderun's Mystic Bla  Conj/Tloc      0%         2d3       97%         4
 Passage of Golubria      Tloc           0%         N/A       97%         4
 Summon Lightning Spire   Summ/Air       0%         N/A       97%         4
 Alistair's Intoxication  Tmut/Pois      0%         N/A       100%        5
 Lee's Rapid Deconstruct  Erth           0%         3d4*      100%        5
 Silence                  Hex/Air        0%         N/A       100%        5
 Lehudib's Crystal Spear  Conj/Erth      0%         10d2      100%        8
 Animate Armour           Summ/Erth      Unusable   N/A       N/A         4

Dungeon Overview and Level Annotations

Branches:
Dungeon (8/15)             Temple (1/1) D:6          Bailey (visited)
   Lair: D:8-11

Altars:
Ashenzari
Cheibriados
Dithmenos
Elyvilon
Fedhas
Gozag
Hepliaklqana
Kikubaaqudgha
Makhleb
Nemelex Xobeh
Okawaru
Qazlal
Ru
Sif Muna
Trog
Uskayaw
Vehumet
Wu Jian
Xom
Yredelemnul
Zin
The Shining One

Shops:
D:3 *:   D:6 (

Annotations:
D:4 Edmund
D:8 Erica


Innate Abilities, Weirdness & Mutations

You are an enormous anaconda.
You have a powerful constriction melee attack.
Your maximum health is increased.
Your armour is entirely melded.
You are incapable of wielding weapons or throwing items.
You cannot wear most types of armour.
You are amphibious.
You can wear up to eight rings at the same time.
((Your skin changes colour to match your surroundings (Stealth+).))
((Your rubbery body absorbs attacks. (AC +1, EV +1)))
((You are camouflaged when in or above water. (Stealth+)))
((You have tentacles for arms and can constrict up to eight enemies at once.))


Message History

You resist with significant effort.
You take 4 damage, and have 43/70 hp.
You feel very sick.
The kobold brigand throws a curare-tipped dart.
The curare-tipped dart misses you.
You take 4 damage, and have 39/70 hp.
You feel very sick. The kobold closely misses you.
You take 3 damage, and have 36/70 hp.
You feel very sick.
You take 2 damage, and have 34/70 hp.
You feel sick. The kobold hits you but does no damage.
You take 1 damage, and have 33/70 hp.
You feel sick.
You take 1 damage, and have 32/70 hp.
You feel sick. Erica casts a spell at you.
The bolt of poison hits the kobold!!
The kobold dies!
The bolt of poison hits you!
You are more poisoned.
* * * LOW HITPOINT WARNING * * *
You take 18 damage, and have 14/70 hp.
MASSIVE DAMAGE!!
* * * LOW HITPOINT WARNING * * *
You feel very sick.
The kobold is distracted by your dazzling golden aura.
Erica stares at you and mumbles some strange words.
You feel as though you will be slow longer.
You take 4 damage, and have 10/70 hp.
* * * LOW HITPOINT WARNING * * *
You feel very sick.
You take 4 damage, and have 6/70 hp.
You are confused.
You feel invigorated.
You feel sick.
The kobold brigand throws a curare-tipped dart.
The curare-tipped dart hits you.
You are lethally poisoned!
You have difficulty breathing.
You die...
Your body crumbles into a pile of gold.

#........# . #.....# ...
#..<.##### ....
#.....#.....##....
......#####........
.......####........
......##.#....#....
...................
......#.#S)..###...
...#.##.###...## .. .^##
#.#......# .
....###....$...#
.........#.x##.....
........##..# #..#...
##........K####...#..
#......#...#..##....#
....##..##K....##....#..


You could see Erica and a kobold brigand.

Vanquished Creatures
  A two-headed ogre (D:7)
  Maurice (D:8)
  Prince Ribbit (D:7)
  Eustachio (D:4)
  An acid dragon (D:6)
  A water moccasin (D:7)
  An orc warrior (Bailey)
  A black bear (D:5)
  2 sky beasts (D:7)
  3 ogres
  2 centaurs
  Blork the orc (D:6)
  A scorpion (D:4)
  2 orc priests (D:4)
  4 hounds
  A jelly (D:4)
  Ijyb (D:4)
  A sleepcap (D:3)
  2 iguanas
  4 orc wizards
  Robin (D:3)
  6 gnolls
  6 adders
  A shadow imp (D:7)
  A white imp (D:6)
  2 ufetubi (D:4)
  5 worms
  A dart slug (D:4)
  15 orcs
  7 ball pythons
  8 endoplasms
  5 giant cockroaches
  18 goblins
  12 hobgoblins
  4 quokkas
  2 bats
  9 kobolds
  10 rats
145 creatures vanquished.

Vanquished Creatures (others)
  A kobold (D:8)
1 creature vanquished.

Grand Total: 146 creatures vanquished

Notes
Turn   | Place    | Note
-------+----------+-------------------------------------------
     0 | D:1      | Dirtsage the Octopode Shapeshifter began the quest for the
                  | Orb.
     0 | D:1      | Reached XP level 1. HP: 13/13 MP: 1/1
   173 | D:1      | You fall into a shaft and drop 1 floor!
   271 | D:2      | Reached XP level 2. HP: 18/18 MP: 2/2
   425 | D:1      | Reached XP level 3. HP: 6/23 MP: 3/3
   987 | D:2      | Found a broken altar of Ashenzari.
  1029 | D:2      | Reached XP level 4. HP: 28/29 MP: 4/4
  1182 | D:2      | Reached skill level 4 in Shapeshifting
  1407 | D:3      | Reached XP level 5. HP: 32/35 MP: 5/5
  1619 | D:3      | Noticed Robin
  1746 | D:3      | Found a sacrificial altar of Ru.
  2001 | D:3      | Found Onlof's Assorted Antiques.
  2007 | D:3      | Bought a scroll labelled HELOTR ULUXY for 31 gold pieces
  2040 | D:3      | Killed Robin
  2041 | D:3      | Reached XP level 6. HP: 34/41 MP: 6/6
  2079 | D:3      | Found Cagrod's Book Boutique.
  2222 | D:4      | Found a burning altar of Makhleb.
  2227 | D:4      | Identified the +8 dagger "Xyaxt" {heavy, Will- rCorr Int+5
                  | SInv}
  2297 | D:4      | Noticed Eustachio
  2384 | D:4      | Killed Eustachio
  2385 | D:4      | Reached skill level 5 in Shapeshifting
  2443 | D:4      | Reached XP level 7. HP: 46/46 MP: 7/7
  2510 | D:4      | Noticed Edmund
  3107 | D:4      | Noticed Ijyb
  3115 | D:4      | Killed Ijyb
  3116 | D:4      | Reached skill level 6 in Shapeshifting
  3178 | D:4      | Reached skill level 5 in Unarmed Combat
  3240 | D:5      | Entered Level 5 of the Dungeon
  3468 | D:5      | Reached XP level 8. HP: 51/54 MP: 8/8
  3613 | D:5      | Found a sparkling altar of Nemelex Xobeh.
  3655 | D:5      | Found a shimmering altar of Xom.
  3656 | D:5      | Found a blossoming altar of Fedhas.
  3657 | D:5      | Found an opulent altar of Gozag.
  3658 | D:5      | Found a stormy altar of Qazlal.
  3668 | D:5      | Became a worshipper of Gozag Ym Sagoz the Greedy
  4478 | D:6      | Noticed Blork the orc
  4486 | D:6      | Killed Blork the orc
  4560 | D:6      | Reached skill level 7 in Shapeshifting
  4670 | D:6      | Reached skill level 5 in Fighting
  4755 | D:6      | Found a white marble altar of Elyvilon.
  4775 | D:6      | Found a staircase to the Ecumenical Temple.
  4792 | Temple   | Entered the Ecumenical Temple
  4845 | D:6      | Found Zuma's Weapon Shoppe.
  5329 | D:7      | Found a flagged portal.
  5356 | Bailey   | Entered a bailey
  5406 | Bailey   | Reached XP level 9. HP: 24/61 MP: 9/9
  5665 | D:7      | Reached skill level 8 in Shapeshifting
  5671 | D:7      | Noticed a two-headed ogre
  5845 | D:7      | Noticed Prince Ribbit
  5858 | D:7      | Killed Prince Ribbit
  6090 | D:7      | Killed a two-headed ogre
  6091 | D:7      | Reached skill level 9 in Shapeshifting
  6283 | D:8      | Noticed Maurice
  6293 | D:8      | Something stole a serpent talisman
  6295 | D:8      | Something stole 339 gold
  6300 | D:8      | Killed Maurice
  6390 | D:8      | Noticed Erica
  6410 | D:8      | Asphyxiated

Illustrated notes

Levels and vault maps discovered:
D:1:      heliophobic_arrival_enchanted_forest, layout_basic
D:2:      layout_basic, basic_altar
D:3:      layout_basic, nicolae_ru_awakened_eye, serial_shops,
          nicolae_shop_rolling_square, shop, feat_on_display, uniq_robin
D:4:      layout_basic, makhleb_heckhound_becter, uniq_ijyb, uniq_eustachio,
          uniq_edmund
D:5:      layout_gridville, mainiacjoe_overflow_alcove_3,
          nemelex_diamond_rough_becter, uniq_duvessa
D:6:      layout_basic, mainiacjoe_overflow_six_doors_small,
          minmay_temple_entry_antechambers, serial_shops, shop,
          uniq_blork_the_orc
D:7:      layout_rooms, enter_bailey_3, uniq_prince_ribbit1
D:8:      layout_cave_pools, lemuel_round_altar, solitary_fountain,
          dreamdust_wishing_well, uniq_gastronok, uniq_erica, uniq_maurice
Temple:   nicolae_temple_figure_eight

Skill      XL: |  1  2  3  4  5  6  7  8  9 |
---------------+----------------------------+-----
Fighting       | 2 3 4 5 6 |  6.7
Shapeshifting  | 4 5 6 7 9 |  9.3
Unarmed Combat | 4 5 6 7 |  7.4
Dodging        | |  2.0

Action                     |  1- 3 |  4- 6 |  7- 9 || total
---------------------------+-------+-------+-------++-------
  Melee: Unarmed           |    84 |   133 |   168 ||   385
         Constrict         |    22 |    27 |    35 ||    84
         Punch             |     5 |     7 |     4 ||    16
         Tentacles         |     8 |    17 |    18 ||    43
  Evoke: Wand              |       |       |    23 ||    23
    Use: Potion            |       |     2 |     7 ||     9
         Scroll            |       |     1 |     8 ||     9
   Stab: Sleeping          |     7 |     4 |     3 ||    14
 Armour: Skin              |    21 |    84 |   133 ||   238
  Dodge: Dodged            |    38 |    61 |    82 ||   181
  Block: Other             |     1 |    22 |    35 ||    58
         Reflection        |       |     1 |     1 ||     2
   Form: Anaconda          |       |       |     1 ||     1

Table legend: (Time is in decaauts)
 A = Elapsed time spent in this place.
 B = Non-inter-level travel time spent in this place.
 C = Inter-level travel time spent in this place.
 D = Time resting spent in this place.
 E = Time spent auto-exploring this place.
 F = Levels seen in this place.
 G = Mean time per level.
                   A        B        C        D        E       F      G
               +--------+--------+--------+--------+--------+-----+--------+
         Total |   6381 |   6064 |    317 |    190 |   4546 |  10 |  638.1 |
       Dungeon |   6295 |   5978 |    317 |    190 |   4518 |   8 |  786.9 |
        Temple |      1 |      1 |      0 |      0 |      0 |   1 |    1.0 |
        Bailey |     84 |     84 |      0 |      0 |     28 |   1 |   84.0 |
               +--------+--------+--------+--------+--------+-----+--------+

Top non-repeatable levels by time:
     D:4: 1123 daAuts
     D:5: 1076 daAuts
     D:6: 1006 daAuts
     D:3: 855 daAuts
     D:7: 850 daAuts
     D:1: 656 daAuts
     D:2: 585 daAuts
     D:8: 141 daAuts
  Bailey: 84 daAuts
  Temple: 1 daAuts
